 Dungeon Crawl Stone Soup version 0.26-a0-651-gb41185065b (webtiles) character file.

Game seed: 228476464057400424

88 Azzok the Insei (level 4, -2/34 HPs)
             Began as a Gnoll Transmuter on Oct 11, 2020.
             Slain by Grinder (5 damage)
             ... while paralysed by Grinder
             ... on level 3 of the Dungeon.
             The game lasted 00:03:27 (2382 turns).

Azzok the Insei (Gnoll Transmuter)                  Turns: 2382, Time: 00:03:28

Health: -2/34      AC:  2    Str: 13    XL:     4   Next: 54%
Magic:  9/11       EV:  5    Int: 16    God:
Gold:   156        SH:  0    Dex: 20    Spells: 5/13 levels left

rFire    . . .     SeeInvis .     - Unarmed
rCold    . . .     Faith    .   (shield currently unavailable)
rNeg     . . .     Spirit   .   (armour currently unavailable)
rPois    x         Reflect  .   (helmet currently unavailable)
rElec    .         Harm     .   (cloak currently unavailable)
rCorr    .         Rampage  .   (gloves currently unavailable)
MR       .....                  (boots currently unavailable)
Stlth    ++........             (no amulet)
HPRegen  0.11/turn              (no ring)
MPRegen  0.12/turn              (no ring)

@: paralysed, spider-form (expiring)
A: tiny, distributed training, strong nose
a: End Transformation


You were on level 3 of the Dungeon.
You were a venomous arachnid creature.
You visited 1 branch of the dungeon, and saw 3 of its levels.

You collected 156 gold pieces.

Inventory:

Armour
 a - a +0 robe (melded)
Jewellery
 f - a cursed ring of attention {unknown}
Scrolls
 b - 2 scrolls of remove curse {unknown}
 d - a scroll of immolation {unknown}
 e - 2 scrolls of identify {unknown}
 g - a scroll of magic mapping {unknown}
 h - 2 scrolls of teleportation {unknown}
 j - a scroll of random uselessness {unknown}
Potions
 c - a potion of heal wounds {unknown}
 i - 2 potions of curing {unknown}


   Skills:
 + Level 2.8 Fighting
 + Level 1.2 Short Blades
 + Level 1.2 Long Blades
 + Level 1.2 Axes
 + Level 1.2 Maces & Flails
 + Level 1.2 Polearms
 + Level 1.2 Staves
 + Level 1.2 Slings
 + Level 1.2 Bows
 + Level 1.2 Crossbows
 + Level 1.2 Throwing
 + Level 1.2 Armour
 + Level 4.6 Dodging
 + Level 1.2 Stealth
 + Level 1.2 Shields
 + Level 6.6 Unarmed Combat
 + Level 5.1 Spellcasting
 + Level 1.0 Conjurations
 + Level 1.0 Hexes
 + Level 1.0 Summonings
 + Level 1.0 Necromancy
 + Level 1.0 Translocations
 + Level 3.8 Transmutations
 + Level 1.0 Fire Magic
 + Level 1.0 Ice Magic
 + Level 1.0 Air Magic
 + Level 1.0 Earth Magic
 + Level 1.0 Poison Magic
 + Level 1.3 Invocations
 + Level 1.2 Evocations


You had 5 spell levels left.
You knew the following spells:

 Your Spells              Type           Power        Failure   Level
a - Beastly Appendage     Tmut           ###...       11%         1
b - Spider Form           Tmut/Pois      ##........   36%         3
c - Ice Form              Ice/Tmut       ##......     71%         4

Your spell library contained the following spells:

 Spells                   Type           Power        Failure   Level
 Wereblood                Tmut           ###.....     14%         2
 Confusing Touch          Hex            #.......     52%         3
 Gell's Gravitas          Tloc           #.........   52%         3
 Petrify                  Tmut/Erth      ##......     71%         4
 Blade Hands              Tmut           ###.......   83%         5
 Yara's Violent Unravell  Hex/Tmut       ##........   94%         5
 Metabolic Englaciation   Hex/Ice        #.........   99%         5


Dungeon Overview and Level Annotations

Branches:
Dungeon (3/15)

Altars:
Nemelex Xobeh
Sif Muna

Annotations:
D:3 Grinder


Innate Abilities, Weirdness & Mutations

Your experience applies equally to all skills.
((You have very sharp teeth.))
Your uncanny sense of smell can sniff out nearby items.


Message History

You bite Grinder!
Grinder is lightly wounded.
Your transformation is almost over.
Grinder hits you but does no damage.
The gnoll shouts!
You bite Grinder!
Grinder looks as sick as possible!
Grinder is heavily wounded.
Grinder hits you but does no damage.
You hit Grinder but do no damage.
Grinder is heavily wounded.
Grinder gestures at you.
You suddenly lose the ability to move!
Grinder hits you!
You writhe in agony.
Grinder hits you.
You writhe in agony.
Grinder hits you.
You writhe in agony.
* * * LOW HITPOINT WARNING * * *
Grinder hits you!
* * * LOW HITPOINT WARNING * * *
You writhe in agony.
You die...

····················▒▒·
········▒▒▒▒▒▒▒▒·▒▒▒▒·
·▒▒▒·▒··▒▒▒▒▒▒▒▒▒▒·▒▒▒▒·
···?····················
·▒▒▒················▒▒▒▒
········<··············▒
·▒·▒·▒···▒▒▒▒▒▒▒ ▒·▒▒·▒
·····g·········▒ ▒·▒▒·▒
·▒·▒·▒·s·▒▒▒▒▒▒▒▒▒▒·▒▒·▒
·······5················
·▒·▒········▒▒▒▒▒▒▒·▒▒·▒
▒·▒········▒▒▒▒▒▒▒·▒▒·▒
·▒·▒················▒▒·▒
··········>········▒▒▒·▒
···················▒ ▒·▒
···▒·····▒····▒▒▒▒·▒▒▒·▒
▒▒▒▒·····▒·············▒


You could see Grinder (extremely poisoned) and a gnoll.

Vanquished Creatures
  2 adders
  An ooze (D:1)
  4 worms
  2 dart slugs
  2 leopard geckos
  An orc (D:3)
  2 ball pythons (D:2)
  8 bats
  A giant cockroach (D:2)
  2 goblins (D:2)
  4 hobgoblins
  8 jackals
  3 kobolds
  A frilled lizard (D:1)
  4 rats
45 creatures vanquished.

Notes
Turn   | Place    | Note
-------+----------+-------------------------------------------
     0 | D:1      | Azzok the Gnoll Transmuter began the quest for the Orb.
     0 | D:1      | Reached XP level 1. HP: 17/17 MP: 6/6
   240 | D:1      | Reached XP level 2. HP: 23/23 MP: 5/7
   523 | D:1      | Reached XP level 3. HP: 25/28 MP: 9/9
   581 | D:1      | Reached skill level 5 in Spellcasting
   862 | D:2      | Reached skill level 1 in Invocations
  1256 | D:2      | Found a sparkling altar of Nemelex Xobeh.
  1380 | D:2      | Found a shimmering blue altar of Sif Muna.
  1392 | D:2      | Reached skill level 1 in Short Blades
  1392 | D:2      | Reached skill level 1 in Long Blades
  1392 | D:2      | Reached skill level 1 in Axes
  1392 | D:2      | Reached skill level 1 in Maces & Flails
  1392 | D:2      | Reached skill level 1 in Polearms
  1392 | D:2      | Reached skill level 1 in Staves
  1392 | D:2      | Reached skill level 1 in Slings
  1392 | D:2      | Reached skill level 1 in Bows
  1392 | D:2      | Reached skill level 1 in Crossbows
  1392 | D:2      | Reached skill level 1 in Throwing
  1392 | D:2      | Reached skill level 1 in Armour
  1392 | D:2      | Reached skill level 1 in Stealth
  1392 | D:2      | Reached skill level 1 in Shields
  1392 | D:2      | Reached skill level 1 in Evocations
  1708 | D:2      | Reached XP level 4. HP: 7/34 MP: 11/11
  2348 | D:3      | Noticed Grinder
  2349 | D:3      | Reached skill level 1 in Conjurations
  2349 | D:3      | Reached skill level 1 in Hexes
  2349 | D:3      | Reached skill level 1 in Summonings
  2349 | D:3      | Reached skill level 1 in Necromancy
  2349 | D:3      | Reached skill level 1 in Translocations
  2349 | D:3      | Reached skill level 1 in Fire Magic
  2349 | D:3      | Reached skill level 1 in Ice Magic
  2349 | D:3      | Reached skill level 1 in Air Magic
  2349 | D:3      | Reached skill level 1 in Earth Magic
  2349 | D:3      | Reached skill level 1 in Poison Magic
  2359 | D:2      | Learned a level 3 spell: Spider Form
  2364 | D:2      | Learned a level 4 spell: Ice Form
  2378 | D:3      | Paralysed by Grinder for 4 turns
  2382 | D:3      | Slain by Grinder

Illustrated notes

Levels and vault maps discovered:
D:1:      wander_arrival_estate, layout_loops_ring, grunt_decor_mini_mirrors
D:2:      layout_basic, overflow_temple_1_default,
          nemelex_xobeh_ov_fountains_minmay
D:3:      layout_basic, lemuel_round_altar, uniq_grinder

Skill      XL: |  1  2  3  4 |
---------------+-------------+-----
Spellcasting   | 5 |  5.1
Invocations    | 1 |  1.3
Short Blades   | 1 |  1.2
Long Blades    | 1 |  1.2
Axes           | 1 |  1.2
Maces & Flails | 1 |  1.2
Polearms       | 1 |  1.2
Staves         | 1 |  1.2
Slings         | 1 |  1.2
Bows           | 1 |  1.2
Crossbows      | 1 |  1.2
Throwing       | 1 |  1.2
Armour         | 1 |  1.2
Stealth        | 1 |  1.2
Shields        | 1 |  1.2
Evocations     | 1 |  1.2
Conjurations   | 1 |  1.0
Hexes          | 1 |  1.0
Summonings     | 1 |  1.0
Necromancy     | 1 |  1.0
Translocations | 1 |  1.0
Fire Magic     | 1 |  1.0
Ice Magic      | 1 |  1.0
Air Magic      | 1 |  1.0
Earth Magic    | 1 |  1.0
Poison Magic   | 1 |  1.0
Fighting       | |  2.8
Dodging        | |  4.6
Unarmed Combat | |  6.6
Transmutations | |  3.8

Action                   |  1- 3 |  4- 6 || total
-------------------------+-------+-------++-------
Melee: Unarmed           |   108 |    40 ||   148
       Kick              |     9 |     4 ||    13
       Headbutt          |     3 |     2 ||     5
       Punch             |     4 |       ||     4
       Bite              |     5 |     2 ||     7
 Cast: Beastly Appendage |     5 |     4 ||     9
       Spider Form       |       |     1 ||     1
 Stab: Sleeping          |     2 |       ||     2
Armor: Robe              |     7 |     5 ||    12
       Skin              |       |     3 ||     3
Dodge: Dodged            |    62 |    21 ||    83

Table legend: (Time is in decaauts)
 A = Elapsed time spent in this place.
 B = Non-inter-level travel time spent in this place.
 C = Inter-level travel time spent in this place.
 D = Time resting spent in this place.
 E = Time spent auto-exploring this place.
 F = Levels seen in this place.
 G = Mean time per level.
                   A        B        C        D        E       F      G
               +--------+--------+--------+--------+--------+-----+--------+
         Total |   2366 |   2333 |     33 |    266 |   1705 |   3 |  788.7 |
       Dungeon |   2366 |   2333 |     33 |    266 |   1705 |   3 |  788.7 |
               +--------+--------+--------+--------+--------+-----+--------+

Top non-repeatable levels by time:
     D:1: 1092 daAuts
     D:2: 1025 daAuts
     D:3: 248 daAuts
